 Dungeon Crawl Stone Soup version 0.27-a0-1065-ge809cff456 (webtiles) character file.

Game seed: 10738001376862837914

23163 kae the Fighter (level 12, -6/100 HPs)
             Began as a Demonspawn Gladiator on Apr 23, 2021.
             Was a Priest of Ru.
             Mangled by a seven-headed hydra (8 damage)
             ... on level 4 of the Lair of Beasts.
             The game lasted 00:18:40 (23751 turns).

kae the Fighter (Demonspawn Gladiator)             Turns: 23751, Time: 00:18:41

Health: -6/100     AC: 13    Str: 18    XL:     12   Next: 69%
Magic:  12/12      EV: 14    Int: 10    God:    Ru [***...]
Gold:   827        SH:  5    Dex: 16    Spells: 11/11 levels left

rFire    . . .     SeeInvis .     - Unarmed
rCold    . . .     Faith    .   (no shield)
rNeg     . . .     Spirit   .   F - +0 chain mail
rPois    +         Reflect  +   b - +1 helmet
rElec    .         Harm     .   y - +2 cloak {rPois}
rCorr    .         Rampage  .   (no gloves)
Will     +....                  (no boots)
Stlth    ..........             x - amulet of reflection
HPRegen  0.26/turn              z - ring of willpower
MPRegen  0.26/turn              h - +4 ring of slaying

@: about to teleport, unable to drink, studying Armour
A: no potions, claws 2, spiny 1, magic regeneration, inability to drink while
threatened, no stealth, hated by all, sturdy frame 2
a: Renounce Religion, Draw Out Power


You were on level 4 of the Lair of Beasts.
You worshipped Ru.
Ru was most pleased with you.
You visited 2 branches of the dungeon, and saw 15 of its levels.

You collected 883 gold pieces.
You spent 56 gold pieces at shops.

Inventory:

Missiles
 c - 5 throwing nets (quivered)
Armour
 a - a +3 leather armour
 b - a +1 helmet (worn)
 y - a +2 cloak of poison resistance (worn)
 E - +0 steam dragon scales
 F - a +0 chain mail (worn)
Jewellery
 h - a +4 ring of slaying (right claw)
 k - a ring of flight
 m - a +4 ring of evasion
 r - an amulet of the acrobat
 x - an amulet of reflection (around neck)
 z - a ring of willpower (left claw)
Wands
 n - a wand of digging (6)
 s - a wand of flame (35)
 t - a wand of iceblast (3)
 A - a wand of charming (12)
 B - a wand of mindburst (11)
Scrolls
 d - 3 scrolls of enchant weapon
 f - 6 scrolls of immolation
 i - 4 scrolls of teleportation
 u - 3 scrolls of magic mapping
 w - 3 scrolls of identify
 C - a scroll of amnesia
Potions
 e - a potion of invisibility
 g - 6 potions of curing
 j - 2 potions of haste
 l - 2 potions of lignification
 o - a potion of mutation
 p - 2 potions of berserk rage
 q - 3 potions of degeneration
 v - 2 potions of might
 D - a potion of flight {unknown}
 G - a potion of magic {unknown}


   Skills:
 + Level 11.2 Fighting
 - Level 1.7 Throwing
 + Level 10.6 Dodging
 * Level 10.7 Unarmed Combat
 + Level 9.5 Evocations


You had 11 spell levels left.
You didn't know any spells.
Your spell library contained the following spells:

 Spells                   Type           Power      Damage    Failure   Level
 Magic Dart               Conj           0%         1d3       86%         1
 Pain                     Necr           0%         1d4       86%         1
 Blink                    Tloc           N/A        N/A       94%         2
 Slow                     Hex            0%         N/A       94%         2
 Conjure Flame            Conj/Fire      0%         6-21      99%         3
 Mephitic Cloud           Conj/Pois/Air  0%         N/A       99%         3
 Vampiric Draining        Necr           0%         2d6       99%         3
 Agony                    Necr           0%         N/A       100%        5
 Silence                  Hex/Air        0%         N/A       100%        5
 Conjure Ball Lightning   Conj/Air       0%         3x3d6     100%        6
 Tornado                  Air            0%         N/A       100%        9
 Animate Skeleton         Necr           Unusable   N/A       N/A         1
 Summon Small Mammal      Summ           Unusable   N/A       N/A         1
 Call Imp                 Summ           Unusable   N/A       N/A         2
 Call Canine Familiar     Summ           Unusable   N/A       N/A         3
 Summon Guardian Golem    Hex/Summ       Unusable   N/A       N/A         3
 Animate Dead             Necr           Unusable   N/A       N/A         4
 Summon Ice Beast         Ice/Summ       Unusable   N/A       N/A         4
 Summon Lightning Spire   Summ/Air       Unusable   N/A       N/A         4

Dungeon Overview and Level Annotations

Branches:
Dungeon (11/15)            Temple (0/1) D:5            Lair (4/6) D:11
 Shoals (0/4) Lair:4        Snake (0/4) Lair:3          Orc (0/2) D:10

Altars:
Ashenzari
Cheibriados
Dithmenos
Fedhas
Gozag
Hepliaklqana
Kikubaaqudgha
Makhleb
Nemelex Xobeh
Okawaru
Ru
Uskayaw
Vehumet
Wu Jian

Shops:
D:2 ([*:   D:8 *

Portals:
Trove: D:10 (give 2 scrolls of acquirement)

Annotations:
D:9 3 runed translucent doors, exclusion: orange crystal statue
Lair:1 exclusion: oklob plant


Innate Abilities, Weirdness & Mutations

You cannot drink.
You have very sharp fingernails.
You are partially covered in sharp spines.
You regenerate magic rapidly.
You sometimes lose the ability to drink potions when taking damage.
You cannot be stealthy.
You are hated by all.
Your movements are less encumbered by armour. (ER -4)


Message History

The blink frog blinks!
The blink frog hits you.
* * * LOW HITPOINT WARNING * * *
The blink frog blinks!
You claw the seven-headed hydra!
Your claw misses the seven-headed hydra.
The seven-headed hydra is lightly wounded.
You feel sick. You block the water moccasin's attack.
You redirect the blink frog's attack!
The blink frog hits you but does no damage.
The water moccasin is struck by your spines.
The water moccasin bites you but does no damage.
You claw the water moccasin!
You kill the water moccasin!
You can drink potions again.
You feel sick.
The blink frog blinks!
The seven-headed hydra is struck by your spines.
The seven-headed hydra bites you but does no damage.
The seven-headed hydra completely misses you. x2
The seven-headed hydra bites you but does no damage. x2
The seven-headed hydra bites you.
* * * LOW HITPOINT WARNING * * *
The seven-headed hydra closely misses you.
As you read the scroll of teleportation, it crumbles to dust.
You feel strangely unstable.
You feel sick.
You are no longer poisoned.
You redirect the blink frog's attack!
The blink frog barely misses the blink frog.
The rime drake bites you but does no damage.
The seven-headed hydra barely misses you.
The seven-headed hydra misses you.
You block the seven-headed hydra's attack.
The seven-headed hydra bites you!
You feel threatened and lose the ability to drink potions!
* * * LOW HITPOINT WARNING * * *
You focus your inner power and illuminate the seven-headed hydra in retribution!
You block the seven-headed hydra's attack.
The seven-headed hydra bites you.
* * * LOW HITPOINT WARNING * * *
The seven-headed hydra bites you!
You die...

.......# ##....#####...#
.....### #...### #....
....## #..## ....
....#######..## ##.
.......#.#....##
.............#.## .
..##..>.........#####..8
#.####..P.....F.§.....#
### #...PP.....F@§....#
#...###....FkD....#
#...# #.F...........
#..## #.......#.....
.... ##.....#......
..... #....##......
..... ..... ......
...... .....8


You could see a seven-headed hydra (corona), 4 blink frogs and a rime drake.

Vanquished Creatures
  3 hydras
  A two-headed ogre (D:5)
  A tengu warrior (D:7)
  Pikel (D:3)
  7 elephants
  A black mamba (Lair:2)
  7 cane toads
  An unseen horror (D:11)
  Maggie (D:6)
  A komodo dragon (Lair:2)
  A kobold demonologist (D:11)
  4 trolls (D:11)
  A polar bear (Lair:4)
  5 slime creatures (D:9)
  5 blink frogs
  Sigmund (D:2)
  A shadow (D:11)
  15 yaks
  A vampire (D:11)
  7 wyverns
  Grum (D:9)
  2 steam dragons
  3 nagas
  9 water moccasins
  An acid dragon (D:11)
  Purgy (D:4)
  3 orc warriors
  3 ogres
  A black bear (D:6)
  2 necrophages
  7 wolves
  3 centaurs
  9 bullfrogs
  A kobold brigand (D:9)
  A gnoll sergeant (D:8)
  A wyvern zombie (D:6)
  6 scorpions
  A water moccasin zombie (D:6)
  A water moccasin skeleton (D:6)
  14 killer bees
  8 wights
  4 howler monkeys
  4 centaur zombies
  4 hounds
  A jelly (D:4)
  5 orc priests
  A centaur skeleton (D:7)
  A bullfrog skeleton (D:7)
  5 iguanas
  10 orc wizards
  A scorpion zombie (D:5)
  A hound zombie (D:5)
  A hound skeleton (D:4)
  Robin (D:4)
  A howler monkey skeleton (D:6)
  8 gnolls
  4 adders
  A shadow imp (D:6)
  An adder zombie (D:5)
  An adder skeleton (D:4)
  2 worms (D:3)
  2 dart slugs
  35 orcs
  7 endoplasms
  2 giant cockroaches
  15 goblins
  13 hobgoblins
  A quokka (D:2)
  7 ball pythons
  3 bats
  5 frilled lizards
  14 kobolds
  9 rats
313 creatures vanquished.

Vanquished Creatures (others)
  A polar bear (Lair:3)
  A human (D:10)
  A bush (D:11)
  11 fungi
  32 plants
46 creatures vanquished.

Grand Total: 359 creatures vanquished

Notes
Turn   | Place    | Note
-------+----------+-------------------------------------------
     0 | D:1      | kae the Demonspawn Gladiator began the quest for the Orb.
     0 | D:1      | Reached XP level 1. HP: 16/16 MP: 1/1
   199 | D:1      | Gained mutation: You have sharp fingernails. [demonic
                  | ancestry]
   199 | D:1      | Reached XP level 2. HP: 22/22 MP: 2/2
   293 | D:1      | Found a faded altar of an unknown god.
   335 | D:1      | Found Ravuurch's Jewellery Boutique.
  1326 | D:1      | Gained mutation: You are partially covered in sharp spines.
                  | [demonic ancestry]
  1326 | D:1      | Reached XP level 3. HP: 21/28 MP: 3/3
  1482 | D:2      | Found Zeulou's Weapon Shop.
  1498 | D:2      | Noticed Sigmund
  1864 | D:2      | Killed Sigmund
  1865 | D:2      | Reached skill level 3 in Fighting
  1865 | D:2      | Reached XP level 4. HP: 32/37 MP: 4/4
  1865 | D:2      | Gained mutation: Your movements are slightly less
                  | encumbered by armour. (ER -2) [demonic ancestry]
  1865 | D:2      | Reached XP level 5. HP: 36/42 MP: 5/5
  1984 | D:2      | Found Winih's Antique Armour Shop.
  2263 | D:2      | Found Leagufib's Book Boutique.
  2655 | D:2      | Reached skill level 4 in Fighting
  2655 | D:2      | Gained mutation: Your movements are less encumbered by
                  | armour. (ER -4) [demonic ancestry]
  2655 | D:2      | Reached XP level 6. HP: 47/48 MP: 6/6
  2683 | D:2      | Found Woxitt's General Store.
  3170 | D:3      | Found a sacrificial altar of Ru.
  3451 | D:3      | Found a sparkling altar of Nemelex Xobeh.
  3489 | D:3      | Found a hide-covered altar of Uskayaw.
  3730 | D:3      | Became a worshipper of Ru the Awakened
  4038 | D:4      | Noticed Robin
  4043 | D:4      | Killed Robin
  4126 | D:4      | Noticed Pikel
  4694 | D:3      | Killed Pikel
  4695 | D:3      | Reached skill level 5 in Fighting
  4695 | D:3      | Reached skill level 5 in Dodging
  4695 | D:3      | Reached skill level 5 in Unarmed Combat
  4695 | D:3      | Reached XP level 7. HP: 18/56 MP: 7/7
  5020 | D:4      | Noticed Purgy
  5029 | D:4      | Killed Purgy
  5030 | D:4      | Reached XP level 8. HP: 57/64 MP: 8/8
  5720 | D:5      | Entered Level 5 of the Dungeon
  5725 | D:5      | Reached skill level 6 in Fighting
  5868 | D:5      | Noticed a two-headed ogre
  5923 | D:5      | Found a staircase to the Ecumenical Temple.
  6542 | D:5      | Found an ornate altar of the Wu Jian Council.
  6581 | D:5      | Reached skill level 1 in Evocations
  7044 | D:6      | Noticed Maggie
  7184 | D:5      | Killed a two-headed ogre
  7185 | D:5      | Reached skill level 7 in Fighting
  7185 | D:5      | Reached XP level 9. HP: 51/72 MP: 9/9
  7700 | D:6      | Found an iron altar of Okawaru.
  7785 | D:6      | Killed Maggie
  8393 | D:6      | Gained mutation: You sometimes lose the ability to drink
                  | potions when taking damage. [Ru sacrifice]
  8393 | D:6      | Reached * piety under Ru
  8674 | D:7      | Reached skill level 8 in Fighting
  8754 | D:7      | Found a blossoming altar of Fedhas.
  8782 | D:7      | Gained mutation: You regenerate magic rapidly. [demonic
                  | ancestry]
  8782 | D:7      | Reached XP level 10. HP: 55/80 MP: 10/10
  8967 | D:7      | Found a broken altar of Ashenzari.
  9184 | D:7      | Reached skill level 5 in Evocations
  9774 | D:8      | Found a hazy altar of Hepliaklqana.
 10096 | D:8      | Found Toalloen's Assorted Antiques.
 10345 | D:8      | Bought a scroll labelled WAKOLI VEEMI for 28 gold pieces
 10345 | D:8      | Bought a scroll labelled WAKOLI VEEMI for 28 gold pieces
 10419 | D:8      | Found a radiant altar of Vehumet.
 10621 | D:8      | HP: 4/82 [poisoned by a gnoll]
 10987 | D:8      | Noticed a tengu warrior
 11475 | D:7      | Killed a tengu warrior
 11476 | D:7      | Reached skill level 9 in Fighting
 11800 | D:9      | Found a runed translucent door.
 11816 | D:9      | Found a burning altar of Makhleb.
 11816 | D:9      | Noticed a sixfirhy
 11839 | D:9      | Noticed Grum
 11879 | D:9      | Killed Grum
 12164 | D:9      | Found a runed translucent door.
 12961 | D:9      | Reached XP level 11. HP: 38/89 MP: 11/11
 13857 | D:9      | Found the +10 tower shield of Ignorance {rN+ Int-4}
 13859 | D:9      | Noticed an orange crystal statue
 13872 | D:9      | Found a runed translucent door.
 14478 | D:10     | Entered Level 10 of the Dungeon
 14848 | D:10     | Found a portal to a secret trove of treasure.
 15116 | D:10     | Noticed a two-headed ogre
 15718 | D:10     | Found a staircase to the Orcish Mines.
 15764 | D:10     | Found a shadowy altar of Dithmenos.
 15764 | D:10     | Found an opulent altar of Gozag.
 15869 | D:10     | Found an ancient bone altar of Kikubaaqudgha.
 17169 | D:11     | HP: 2/90 [acid (16)]
 17925 | D:11     | Reached skill level 10 in Fighting
 17971 | D:11     | Found a staircase to the Lair.
 18594 | Lair:1   | Entered Level 1 of the Lair of Beasts
 19069 | Lair:1   | Found a snail-covered altar of Cheibriados.
 19069 | Lair:1   | Noticed an oklob plant
 20129 | Lair:2   | Gained mutation: You are hated by all. [Ru sacrifice]
 20129 | Lair:2   | Reached ** piety under Ru
 20129 | Lair:2   | Reached *** piety under Ru
 20144 | Lair:2   | Noticed a six-headed hydra
 20607 | Lair:2   | Gained mutation: You have very sharp fingernails. [demonic
                  | ancestry]
 20607 | Lair:2   | Reached XP level 12. HP: 77/98 MP: 12/12
 21038 | Lair:2   | Reached skill level 10 in Dodging
 21038 | Lair:2   | Reached skill level 10 in Unarmed Combat
 21475 | Lair:2   | Killed a six-headed hydra
 21861 | Lair:3   | Found a staircase to the Snake Pit.
 22270 | Lair:3   | Reached skill level 11 in Fighting
 22598 | Lair:3   | Noticed a four-headed hydra
 22604 | Lair:3   | Killed a four-headed hydra
 23163 | Lair:3   | Identified a scroll of acquirement
 23163 | Lair:3   | Acquired a +2 cloak of poison resistance
 23347 | Lair:4   | Found a staircase to the Shoals.
 23732 | Lair:4   | Noticed a four-headed hydra
 23732 | Lair:4   | Gained mutation: You cannot be stealthy. [Ru sacrifice]
 23739 | Lair:4   | Noticed a seven-headed hydra
 23741 | Lair:4   | Killed a four-headed hydra
 23751 | Lair:4   | HP: 2/100 [seven-headed hydra (6)]
 23751 | Lair:4   | Mangled by a seven-headed hydra

Illustrated notes

Levels and vault maps discovered:
D:1:      minmay_arrival_four_circles, layout_basic,
          chequers_ecumenical_altar_island, serial_shops, shop,
          minmay_tromino_i4
D:2:      layout_basic, serial_shops, nicolae_shop_crystal,
          nicolae_shop_waterfront, shop, shop, uniq_sigmund
D:3:      layout_rooms, nicolae_uskayaw_dance_hall,
          nemelex_diamond_rough_becter, general_overflow_altar,
          minmay_misc_feat_hallway, minivault_26, st_stairs_5
D:4:      layout_basic, minmay_pentomino_pile, uniq_robin, uniq_pikel,
          uniq_purgy
D:5:      layout_cave_pools, nicolae_wu_jian_immortal_techniques,
          minmay_temple_entry_antechambers, serial_park, serial_park_fountain,
          serial_park_square2
D:6:      layout_rooms, okawaru_metal_pillars_1_2, grunt_ministairs_15,
          uniq_maggie
D:7:      layout_layer_cave, kennysheep_little_box, fedhas_ov_isle_minmay
D:8:      layout_basic, kennysheep_mini, old_standard_altar, serial_shops,
          shop_fountains, small_chamber_with_monster
D:9:      layout_roguey, nzn_makhleb_speed_demon,
          chequers_guarded_unrand_ignorance, uniq_grum
D:10:     layout_roguey, tgw_kikubaaqudgha, minitemple, hiddenorc1_lemuel,
          nicolae_trove_entry_crystal
D:11:     layout_stronghold, minmay_lair_entry_grove
Lair:1:   layout_regular_city, lemuel_oklob_altar
Lair:2:   layout_cave_pods
Lair:3:   layout_cave_pods, guppyfry_snake_entry_island
Lair:4:   layout_layer_cave, shoals_dummy_entry, grunt_megastairs_2, uniq_kirke

Skill      XL: |  1  2  3  4  5  6  7  8  9 10 11 12 |
---------------+-------------------------------------+-----
Unarmed Combat | 3 4 5 6 7 8 9 10 | 10.7
Dodging        | 3 4 5 6 7 8 9 10 | 10.6
Fighting       | 3 4 5 7 8 9 10 11 | 11.2
Evocations     | 3 4 6 8 9 |  9.5
Throwing       | |  1.7

Action                   |  1- 3 |  4- 6 |  7- 9 | 10-12 || total
-------------------------+-------+-------+-------+-------++-------
Melee: Unarmed           |    84 |   126 |   159 |   634 ||  1003
       Punch             |       |     5 |     6 |    33 ||    44
Invok: Sacrifice Drink   |       |       |     1 |       ||     1
       Reject Sacrifices |       |       |       |     1 ||     1
       Sacrifice Love    |       |       |       |     1 ||     1
       Sacrifice Stealth |       |       |       |     1 ||     1
Evoke: Wand              |       |       |       |     9 ||     9
  Use: Scroll            |     3 |     6 |     5 |    13 ||    27
       Potion            |     2 |     2 |     2 |     5 ||    11
 Stab: Invisible         |     1 |       |       |     1 ||     2
       Sleeping          |       |     1 |     1 |     1 ||     3
       Distracted        |       |       |       |     1 ||     1
Armor: Leather armour    |    16 |    22 |    17 |    78 ||   133
       Skin              |       |       |       |    24 ||    24
       Chain mail        |       |       |       |    24 ||    24
Dodge: Dodged            |    44 |    64 |   104 |   453 ||   665
Block: Other             |       |       |       |    36 ||    36

Table legend: (Time is in decaauts)
 A = Elapsed time spent in this place.
 B = Non-inter-level travel time spent in this place.
 C = Inter-level travel time spent in this place.
 D = Time resting spent in this place.
 E = Time spent auto-exploring this place.
 F = Levels seen in this place.
 G = Mean time per level.
                   A        B        C        D        E       F      G
               +--------+--------+--------+--------+--------+-----+--------+
         Total |  23660 |  22867 |    793 |   3247 |  16834 |  15 | 1577.3 |
       Dungeon |  18560 |  18002 |    558 |   2631 |  13086 |  11 | 1687.3 |
          Lair |   5099 |   4864 |    235 |    615 |   3748 |   4 | 1274.8 |
               +--------+--------+--------+--------+--------+-----+--------+

Top non-repeatable levels by time:
     D:9: 2749 daAuts
     D:8: 2288 daAuts
    D:11: 2230 daAuts
     D:1: 1977 daAuts
  Lair:2: 1834 daAuts
    D:10: 1816 daAuts
     D:4: 1543 daAuts
     D:2: 1536 daAuts
  Lair:1: 1520 daAuts
  Lair:3: 1346 daAuts
     D:6: 1263 daAuts
     D:7: 1075 daAuts
     D:3: 1053 daAuts
     D:5: 1025 daAuts
  Lair:4: 397 daAuts
